TOP OF THE 1ST |
Staten Island Yankees batting - Pitching for Chicago (NYP) White Sox : LHP Isaiah Oates
|
Pitching: LHP Isaiah Oates
|
|
Batting: RHB Steve Martin
|
0-0: Ball 1-0: Foul Ball, location: 2F 1-1: Called Strike 1-2: Foul Ball, location: 2F 1-2: Fly out, F9 (Flyball, 9S, EV 87.5 MPH)
|
Batting: LHB Mario Hurtado
|
0-0: Fly out, F3 (Line Drive, 3, EV 73.8 MPH)
|
Batting: RHB Andres Valles
|
0-0: Ball 1-0: Called Strike 1-1: Ball 2-1: Swinging Strike 2-2: Foul Ball, location: 2F 2-2: Foul Ball, location: 2F 2-2: Foul Ball, location: 2F 2-2: Foul Ball, location: 2F 2-2: Foul Ball, location: 2F 2-2: Hit by Pitch
|
Batting: LHB Roald Jacobs
|
0-0: Fly out, F7 (Flyball, 78S, EV 91.9 MPH)
|
Top of the 1st over - 0 runs, 0 hits, 0 errors, 1 left on base; Staten Island 0 - Chicago (NYP) 0 |
BOTTOM OF THE 1ST |
Chicago (NYP) White Sox batting - Pitching for Staten Island Yankees : RHP Greg Waters
|
Pitching: RHP Greg Waters
|
|
Batting: RHB Jeremy Hoffert
|
0-0: Bunt for hit to 25 - play at first, batter safe!
|
Batting: RHB Brad Boals
|
0-0: Foul Ball, location: 2F 0-1: Ball 1-1: Ball 2-1: Ball 3-1: SINGLE (Line Drive, 78M, EV 94.4 MPH) Jeremy Hoffert to second
|
Batting: RHB Dusty Ballard
|
0-0: Called Strike 0-1: Ball 1-1: Foul Ball, location: 2F 1-2: SINGLE (Groundball, 5S, EV 65.6 MPH) (infield hit) Jeremy Hoffert to third Brad Boals to second
|
Batting: LHB Brandon Hopper
|
0-0: Ball 1-0: Ball 2-0: Grounds into fielders choice 1-2 (Groundball, 13S, EV 65.0 MPH) Brad Boals to third Dusty Ballard to second
|
Batting: LHB Jason Bell
|
0-0: Ball 1-0: Ball 2-0: Ball 3-0: Base on Balls Brad Boals scores Dusty Ballard to third Brandon Hopper to second
|
Batting: LHB Wes Goscinski
|
0-0: Ball 1-0: Ball 2-0: Ball 3-0: Base on Balls Dusty Ballard scores Brandon Hopper to third Jason Bell to second
|
Batting: RHB Pat Pemberton
|
0-0: Ball 1-0: Called Strike 1-1: Swinging Strike 1-2: Ball 2-2: Strikes out swinging
|
Batting: SHB Jason Bresnahan
|
0-0: Swinging Strike 0-1: Ball 1-1: Ball 2-1: Foul Ball, location: 2F 2-2: Foul Ball, location: 2F 2-2: Ground out 4-3 (Groundball, 4, EV 85.0 MPH)
|
Bottom of the 1st over - 2 runs, 3 hits, 0 errors, 3 left on base; Staten Island 0 - Chicago (NYP) 2 |
TOP OF THE 2ND |
Staten Island Yankees batting - Pitching for Chicago (NYP) White Sox : LHP Isaiah Oates
|
Batting: LHB Tatsuo Yasui
|
0-0: Called Strike 0-1: Fly out, F8 (Line Drive, 8LM, EV 97.5 MPH)
|
Batting: RHB Lorenzo Vasquez
|
0-0: Called Strike 0-1: Swinging Strike 0-2: Ground out 6-3 (Groundball, 6, EV 85.6 MPH)
|
Batting: RHB Phil Corliss
|
0-0: Foul Ball, location: 2F 0-1: Ground out U3 (Groundball, 34, EV 79.4 MPH)
|
Top of the 2nd over - 0 runs, 0 hits, 0 errors, 0 left on base; Staten Island 0 - Chicago (NYP) 2 |
BOTTOM OF THE 2ND |
Chicago (NYP) White Sox batting - Pitching for Staten Island Yankees : RHP Greg Waters
|
Batting: RHB David Laureano
|
0-0: Ground out 4-3 (Groundball, 13, EV 86.9 MPH)
|
Batting: RHB Jeremy Hoffert
|
0-0: Ball 1-0: SINGLE (Groundball, P, EV 89.4 MPH) (infield hit)
|
Batting: RHB Brad Boals
|
0-0: Ball Jeremy Hoffert steals 2nd base 1-0: Foul Ball, location: 2F 1-1: Hit by Pitch
|
Batting: RHB Dusty Ballard
|
0-0: Called Strike 0-1: Ball 1-1: Fly out, F8 (Line Drive, 8LM, EV 93.1 MPH)
|
Batting: LHB Brandon Hopper
|
0-0: Foul Ball, location: 2F 0-1: Swinging Strike 0-2: Fly out, F8 (Line Drive, 8RD, EV 96.3 MPH)
|
Bottom of the 2nd over - 0 runs, 1 hit, 0 errors, 2 left on base; Staten Island 0 - Chicago (NYP) 2 |
TOP OF THE 3RD |
Staten Island Yankees batting - Pitching for Chicago (NYP) White Sox : LHP Isaiah Oates
|
Batting: SHB Victor Martinez
|
0-0: Ball 1-0: Foul Ball, location: 2F 1-1: Ground out 4-3 (Groundball, 4, EV 88.8 MPH)
|
Batting: SHB Plácido Barrrenho
|
0-0: Ball 1-0: Ball 2-0: Ball 3-0: Base on Balls
|
Batting: RHB Steve Martin
|
0-0: Foul Ball, location: 2F 0-1: Ball 1-1: Ball 2-1: Called Strike 2-2: Strikes out swinging
|
Batting: LHB Mario Hurtado
|
0-0: Foul Ball, location: 2F 0-1: Ball 1-1: Foul Ball, location: 2F 1-2: Foul Ball, location: 2F 1-2: Ball 2-2: Fly out, F8 (Flyball, 8LD, EV 94.4 MPH)
|
Top of the 3rd over - 0 runs, 0 hits, 0 errors, 1 left on base; Staten Island 0 - Chicago (NYP) 2 |
BOTTOM OF THE 3RD |
Chicago (NYP) White Sox batting - Pitching for Staten Island Yankees : RHP Greg Waters
|
Batting: LHB Jason Bell
|
0-0: Called Strike 0-1: Swinging Strike 0-2: Foul Ball, location: 2F 0-2: Ball 1-2: Foul Ball, location: 2F 1-2: Ball 2-2: Ground out 4-3 (Groundball, 4, EV 104.4 MPH)
|
Batting: LHB Wes Goscinski
|
0-0: Ball 1-0: Called Strike 1-1: Fly out, F8 (Flyball, 89M, EV 86.3 MPH)
|
Batting: RHB Pat Pemberton
|
0-0: Foul Ball, location: 2F 0-1: Ball 1-1: Ball 2-1: Ball 3-1: Base on Balls
|
Batting: SHB Jason Bresnahan
|
0-0: Ball 1-0: Foul Ball, location: 2F 1-1: Ball 2-1: Foul Ball, location: 2F 2-2: Ground out 4-3 (Groundball, 4S, EV 68.1 MPH)
|
Bottom of the 3rd over - 0 runs, 0 hits, 0 errors, 1 left on base; Staten Island 0 - Chicago (NYP) 2 |
TOP OF THE 4TH |
Staten Island Yankees batting - Pitching for Chicago (NYP) White Sox : LHP Isaiah Oates
|
Batting: RHB Andres Valles
|
0-0: Swinging Strike 0-1: SINGLE (Groundball, 3D, EV 99.4 MPH)
|
Batting: LHB Roald Jacobs
|
0-0: Ball 1-0: Ball 2-0: Ball 3-0: Base on Balls Andres Valles to second
|
Batting: LHB Tatsuo Yasui
|
0-0: Ball 1-0: Foul Ball, location: 2F 1-1: Foul Ball, location: 2F 1-2: Foul Ball, location: 2F 1-2: Foul Ball, location: 2F 1-2: Ball 2-2: Strikes out swinging
|
Batting: RHB Lorenzo Vasquez
|
0-0: Ball 1-0: Ball 2-0: Called Strike 2-1: Foul Ball, location: 2F 2-2: Ball 3-2: Strikes out swinging
|
Batting: RHB Phil Corliss
|
0-0: Ball 1-0: Called Strike 1-1: Swinging Strike 1-2: Fielders Choice at 2nd, 6-4 (Groundball, 6, EV 76.3 MPH)
|
Top of the 4th over - 0 runs, 1 hit, 0 errors, 2 left on base; Staten Island 0 - Chicago (NYP) 2 |
BOTTOM OF THE 4TH |
Chicago (NYP) White Sox batting - Pitching for Staten Island Yankees : RHP Greg Waters
|
Batting: RHB David Laureano
|
0-0: Fly out, F8 (Flyball, 8RM, EV 95.6 MPH)
|
Batting: RHB Jeremy Hoffert
|
0-0: Foul Ball, location: 2F 0-1: Foul Ball, location: 2F 0-2: Ball 1-2: Ball 2-2: Ground out 5-3 (Groundball, 6S, EV 68.1 MPH)
|
Batting: RHB Brad Boals
|
0-0: Ball 1-0: Swinging Strike 1-1: Swinging Strike 1-2: Ball 2-2: Ball 3-2: DOUBLE (Line Drive, 7LM, EV 106.9 MPH)
|
Batting: RHB Dusty Ballard
|
0-0: Called Strike 0-1: SINGLE (Groundball, 5S, EV 70.0 MPH) (infield hit) Brad Boals to third
|
Batting: LHB Brandon Hopper
|
0-0: Ball 1-0: Ball 2-0: Ball 3-0: Base on Balls Dusty Ballard to second
|
Batting: LHB Jason Bell
|
0-0: Called Strike 0-1: Swinging Strike 0-2: Foul Ball, location: 2F 0-2: Ball Passed Ball! Brad Boals scores Dusty Ballard to third Brandon Hopper to second 1-2: Ground out 4-3 (Groundball, 4, EV 84.4 MPH)
|
Bottom of the 4th over - 1 run, 2 hits, 0 errors, 2 left on base; Staten Island 0 - Chicago (NYP) 3 |
TOP OF THE 5TH |
Staten Island Yankees batting - Pitching for Chicago (NYP) White Sox : LHP Isaiah Oates
|
Batting: SHB Victor Martinez
|
0-0: Swinging Strike 0-1: Swinging Strike 0-2: Ball 1-2: Strikes out swinging, 2-3 out at first.
|
Batting: SHB Plácido Barrrenho
|
0-0: Foul Ball, location: 2F 0-1: Ball 1-1: Called Strike 1-2: Ball 2-2: Ball 3-2: Ground out 4-3 (Groundball, 4, EV 111.9 MPH)
|
Batting: RHB Steve Martin
|
0-0: Ball 1-0: SINGLE (Groundball, 25, EV 69.4 MPH) (infield hit)
|
Batting: LHB Mario Hurtado
|
0-0: Ball Steve Martin steals 2nd base 1-0: Ball 2-0: Foul Ball, location: 2F 2-1: Foul Ball, location: 2F 2-2: Ball 3-2: Foul Ball, location: 2F 3-2: Foul Ball, location: 2F 3-2: Ground out 6-3 (Groundball, 6S, EV 88.8 MPH)
|
Top of the 5th over - 0 runs, 1 hit, 0 errors, 1 left on base; Staten Island 0 - Chicago (NYP) 3 |
BOTTOM OF THE 5TH |
Chicago (NYP) White Sox batting - Pitching for Staten Island Yankees : RHP Greg Waters
|
Batting: LHB Wes Goscinski
|
0-0: Foul Ball, location: 2F 0-1: Foul Ball, location: 2F 0-2: Fly out, F9 (Flyball, 9D, EV 100.0 MPH)
|
Batting: RHB Pat Pemberton
|
0-0: Called Strike 0-1: Swinging Strike 0-2: Ball 1-2: Strikes out swinging
|
Batting: SHB Jason Bresnahan
|
0-0: Foul Ball, location: 2F 0-1: Ball 1-1: Called Strike 1-2: Ground out 6-3 (Groundball, 4M, EV 97.5 MPH)
|
Bottom of the 5th over - 0 runs, 0 hits, 0 errors, 0 left on base; Staten Island 0 - Chicago (NYP) 3 |
TOP OF THE 6TH |
Staten Island Yankees batting - Pitching for Chicago (NYP) White Sox : LHP Isaiah Oates
|
Batting: RHB Andres Valles
|
0-0: Ball 1-0: Ball 2-0: Ground out U3 (Groundball, 3S, EV 88.8 MPH)
|
Batting: LHB Roald Jacobs
|
0-0: Ball 1-0: Ball 2-0: SINGLE (Groundball, 4MD, EV 96.3 MPH)
|
Batting: LHB Tatsuo Yasui
|
0-0: Ball Roald Jacobs steals 2nd, throwing error, E2 Roald Jacobs to third 1-0: Ball 2-0: Ball 3-0: Base on Balls
|
Batting: RHB Lorenzo Vasquez
|
0-0: Ball Tatsuo Yasui is caught stealing 2nd base 2-4 1-0: Ball 2-0: Called Strike 2-1: Called Strike 2-2: Foul Ball, location: 2F 2-2: Strikes out swinging
|
Top of the 6th over - 0 runs, 1 hit, 1 error, 1 left on base; Staten Island 0 - Chicago (NYP) 3 |
BOTTOM OF THE 6TH |
Chicago (NYP) White Sox batting - Pitching for Staten Island Yankees : RHP Greg Waters
|
Batting: RHB David Laureano
|
0-0: Ball 1-0: Called Strike 1-1: Ball 2-1: Ball 3-1: Foul Ball, location: 2F 3-2: Fly out, F7 (Flyball, 78S, EV 82.5 MPH)
|
Batting: RHB Jeremy Hoffert
|
0-0: DOUBLE (Line Drive, 5D, EV 98.8 MPH)
|
Batting: RHB Brad Boals
|
0-0: Intentional Walk
|
Pitching: LHP Roberto Ruit
|
|
Batting: RHB Dusty Ballard
|
0-0: Ball 1-0: Called Strike 1-1: Foul Ball, location: 2F 1-2: Fly out, F7 (Flyball, 78D, EV 90.6 MPH)
|
Batting: LHB Brandon Hopper
|
0-0: Called Strike 0-1: Ball 1-1: Ball 2-1: Swinging Strike 2-2: Strikes out looking
|
Bottom of the 6th over - 0 runs, 1 hit, 0 errors, 2 left on base; Staten Island 0 - Chicago (NYP) 3 |
TOP OF THE 7TH |
Staten Island Yankees batting - Pitching for Chicago (NYP) White Sox : LHP Isaiah Oates
|
Pitching: RHP Ian Savary
|
|
Batting: RHB Phil Corliss
|
0-0: Called Strike 0-1: Ball 1-1: Called Strike 1-2: Ball 2-2: Foul Ball, location: 2F 2-2: Strikes out looking
|
Batting: SHB Victor Martinez
|
0-0: Foul Ball, location: 2F 0-1: Swinging Strike 0-2: Strikes out swinging
|
Batting: SHB Plácido Barrrenho
|
0-0: Called Strike 0-1: Fly out, F4 (Line Drive, 4, EV 67.5 MPH)
|
Top of the 7th over - 0 runs, 0 hits, 0 errors, 0 left on base; Staten Island 0 - Chicago (NYP) 3 |
BOTTOM OF THE 7TH |
Chicago (NYP) White Sox batting - Pitching for Staten Island Yankees : LHP Roberto Ruit
|
Batting: LHB Jason Bell
|
0-0: Ball 1-0: Fly out, F7 (Flyball, 7, EV 90.6 MPH)
|
Batting: LHB Wes Goscinski
|
0-0: Called Strike 0-1: SOLO HOME RUN (Flyball, 9D, EV 99.4 MPH), Distance : 399 ft
|
Batting: RHB Pat Pemberton
|
0-0: Called Strike 0-1: Foul Ball, location: 2F 0-2: SINGLE (Groundball, 4D, EV 95.0 MPH)
|
Batting: SHB Jason Bresnahan
|
0-0: Ball Wild Pitch! Pat Pemberton to second 1-0: Ground out 4-3 (Groundball, 4S, EV 66.9 MPH) Pat Pemberton to third
|
Batting: RHB David Laureano
|
0-0: SINGLE (Line Drive, 89S, EV 109.4 MPH) Pat Pemberton scores
|
Batting: RHB Jeremy Hoffert
|
0-0: Called Strike 0-1: Called Strike 0-2: Ball 1-2: Strikes out swinging
|
Bottom of the 7th over - 2 runs, 3 hits, 0 errors, 1 left on base; Staten Island 0 - Chicago (NYP) 5 |
TOP OF THE 8TH |
Staten Island Yankees batting - Pitching for Chicago (NYP) White Sox : RHP Ian Savary
|
Batting: RHB Steve Martin
|
0-0: Ball 1-0: Foul Ball, location: 2F 1-1: Ball 2-1: Swinging Strike 2-2: Foul Ball, location: 2F 2-2: Ball 3-2: Foul Ball, location: 2F 3-2: Fly out, F4 (Popup, 34D, EV 47.5 MPH)
|
Batting: LHB Mario Hurtado
|
0-0: SINGLE (Groundball, 5S, EV 64.4 MPH) (infield hit)
|
Batting: RHB Andres Valles
|
0-0: Foul Ball, location: 2F 0-1: Foul Ball, location: 2F 0-2: Ball 1-2: 2-RUN HOME RUN (Flyball, 9LD, EV 98.1 MPH), Distance : 349 ft
|
Batting: LHB Roald Jacobs
|
0-0: Ball 1-0: Ball 2-0: Foul Ball, location: 2F 2-1: Called Strike 2-2: Strikes out swinging
|
Batting: LHB Tatsuo Yasui
|
0-0: Foul Ball, location: 2F 0-1: Swinging Strike 0-2: Strikes out swinging
|
Top of the 8th over - 2 runs, 2 hits, 0 errors, 0 left on base; Staten Island 2 - Chicago (NYP) 5 |
BOTTOM OF THE 8TH |
Chicago (NYP) White Sox batting - Pitching for Staten Island Yankees : LHP Roberto Ruit
|
Batting: RHB Brad Boals
|
0-0: Ball 1-0: Ball 2-0: Called Strike 2-1: Foul Ball, location: 2F 2-2: Fly out, F8 (Line Drive, 8RM, EV 89.4 MPH)
|
Batting: RHB Dusty Ballard
|
0-0: Ground out 6-3 (Groundball, 6, EV 92.5 MPH)
|
Batting: LHB Brandon Hopper
|
0-0: Called Strike 0-1: Called Strike 0-2: Strikes out swinging
|
Bottom of the 8th over - 0 runs, 0 hits, 0 errors, 0 left on base; Staten Island 2 - Chicago (NYP) 5 |
TOP OF THE 9TH |
Staten Island Yankees batting - Pitching for Chicago (NYP) White Sox : RHP Ian Savary
|
Pitching: LHP Steven Wolf
|
|
Batting: RHB Lorenzo Vasquez
|
0-0: Swinging Strike 0-1: Foul Ball, location: 2F 0-2: Ball 1-2: Ball 2-2: Ball 3-2: Base on Balls
|
Batting: RHB Phil Corliss
|
0-0: Swinging Strike 0-1: Foul Ball, location: 2F 0-2: Strikes out swinging
|
Batting: SHB Victor Martinez
|
0-0: Ball 1-0: Ball 2-0: Called Strike 2-1: Ball Wild Pitch! Lorenzo Vasquez to second 3-1: Base on Balls
|
Batting: SHB Plácido Barrrenho
|
0-0: Fly out, F2 (Popup, 3SF, EV 88.8 MPH)
|
Batting: RHB Steve Martin
|
0-0: Foul Ball, location: 2F 0-1: Swinging Strike 0-2: Strikes out swinging
|
Top of the 9th over - 0 runs, 0 hits, 0 errors, 2 left on base; Staten Island 2 - Chicago (NYP) 5 |
|